 Dungeon Crawl Stone Soup version 0.31.0-11-ge490571c62 (webtiles) character file.

Game seed: 3275244986292162404

97682 coolio the Stormcaller (level 16, 0/76 HPs)
             Began as a Tengu Air Elementalist on Jan 29, 2024.
             Was a High Priest of Vehumet.
             Slain by a white ugly thing (27 damage)
             ... on level 15 of the Dungeon on Jan 30, 2024.
             The game lasted 01:03:50 (28412 turns).

coolio the Stormcaller (Tengu Air Elementalist)    Turns: 28412, Time: 01:03:51

Health: 0/76       AC:  9    Str: 14    XL:     16   Next: 20%
Magic:  21/40      EV: 20    Int: 21    God:    Vehumet [*****.]
Gold:   1013       SH:  0    Dex: 14    Spells: 5/36 levels left

rFire   + . .        X - +8 trident "Wauclil" {protect, Str+2 SInv}
rCold   . . .        M - orb {*channel}
rNeg    . . .        L - +2 robe of the Leaf {rPois rF+}
rPois   +            N - +2 hat {Stlth+}
rElec   .            s - scarf {repulsion}
rCorr   .            m - +2 pair of gloves
SInv    +            (boots unavailable)
Will    ++...        (no amulet)
Stlth   +++          h - ring of magical power
HPRegen 0.32/turn    Q - ring of willpower
MPRegen 0.27/turn

%: repel missiles, acrobat, channel magic (20%)
@: flying
A: beak, talons 3, evasive flight, acrobatic
a: Renounce Religion


You were on level 15 of the Dungeon.
You worshipped Vehumet.
Vehumet was extremely pleased with you.
You visited 3 branches of the dungeon, and saw 21 of its levels.
You also visited: Gauntlet.

You collected 1583 gold pieces.
You spent 570 gold pieces at shops.

Inventory:

Hand Weapons
 X - the +8 trident "Wauclil" (weapon) {protect, Str+2 SInv}
   (You found it on level 2 of the Lair of Beasts)

   Str+2:     It affects your strength (+2).
   SInv:      It lets you see invisible.
Missiles
 D - 2 throwing nets
 E - 4 curare-tipped darts
Armour
 m - a +2 pair of gloves (worn)
 s - a scarf of repulsion (worn)
 L - the +2 robe of the Leaf (worn) {rPois rF+}
   (You found it on level 7 of the Dungeon)

   rF+:       It protects you from fire.
   rPois:     It protects you from poison
 M - an orb of energy (worn)
 N - a +2 hat of stealth (worn)
 O - a +1 buckler
Magical Staves
 n - a staff of conjuration
Jewellery
 h - a ring of magical power (left hand)
 t - the ring of Efuseyxail {rPois EV+5}
   (You acquired it on level 6 of the Dungeon)

   [ring of evasion]

   EV+5:      It affects your evasion (+5).
   rPois:     It protects you from poison
 G - a ring of wizardry
 Q - a ring of willpower (right hand)
 T - a ring of ice
 W - a ring of poison resistance
 Y - a ring of positive energy
Wands
 v - a wand of mindburst (26)
 w - a wand of digging (19)
 H - a wand of light (9)
 K - a wand of iceblast (25)
 V - a wand of charming (4)
Scrolls
 c - 2 scrolls of brand weapon
 e - 5 scrolls of blinking
 f - 10 scrolls of teleportation
 i - 7 scrolls of poison
 l - 2 scrolls of torment
 p - 5 scrolls of enchant weapon
 r - 2 scrolls of fear
 y - a scroll of enchant armour
 z - a scroll of silence
 B - 2 scrolls of revelation
 C - 2 scrolls of fog
 U - 2 scrolls of identify
 Z - 2 scrolls of amnesia
Potions
 a - 3 potions of attraction
 b - 2 potions of magic
 d - 2 potions of resistance
 g - 3 potions of heal wounds
 k - 2 potions of berserk rage
 o - 3 potions of mutation
 q - 2 potions of brilliance
 u - 5 potions of ambrosia
 x - 2 potions of curing
 A - 3 potions of might
 F - 3 potions of lignification
 I - 2 potions of invisibility
 P - 2 potions of haste
 S - 3 potions of cancellation
Miscellaneous
 j - a condenser vane
 J - a phial of floods
 R - a phantom mirror


   Skills:
 + Level 8.4 Dodging
 - Level 2.0 Stealth
 + Level 10.7 Spellcasting
 * Level 19.9 Conjurations
 - Level 7.0 Translocations
 + Level 10.8 Fire Magic
 * Level 20.1 Air Magic


You had 5 spell levels left.
You knew the following spells:

 Your Spells              Type           Power      Damage    Failure   Level
a - Shock                 Conj/Air       100%       1d9       1%          1
b - Swiftness             Air            77%        N/A       1%          3
c - Arcjolt               Conj/Air       38%        1d48      1%          5
d - Airstrike             Air            38%        2d(6-22)  1%          4
e - Iskenderun's Mystic   Conj/Tloc      61%        2d13      1%          4
f - Starburst             Conj/Fire      33%        6d10      1%          6
g - Plasma Beam           Fire/Air       33%        2x1d46    1%          6
h - Blink                 Tloc           80%        N/A       3%          2

Your spell library contained the following spells:

 Spells                   Type           Power      Damage    Failure   Level
 Conjure Ball Lightning   Conj/Air       38%        3x3d12    1%          6
 Foxfire                  Conj/Fire      100%       2x1d9     1%          1
 Momentum Strike          Conj/Tloc      100%       3d10      1%          2
 Static Discharge         Conj/Air       100%       3-8/arc   1%          2
 Dazzling Flash           Conj/Hex       100%       N/A       1%          3
 Mephitic Cloud           Conj/Alch/Air  61%        N/A       1%          3
 Volatile Blastmotes      Fire/Tloc      96%        2d18      1%          3
 Fulminant Prism          Conj/Alch      26%        3d14      1%          4
 Fireball                 Conj/Fire      33%        3d14      1%          5
 Vhi's Electric Charge    Tloc/Air       100%       N/A       2%          4
 Cigotuvi's Dreadful Rot  Necr/Alch/Air  78%        N/A       3%          2
 Lesser Beckoning         Tloc           80%        N/A       3%          2
 Silence                  Hex/Air        26%        N/A       10%         5
 Passage of Golubria      Tloc           40%        N/A       11%         4
 Jinxbite                 Hex            22%        N/A       22%         2
 Ozocubu's Armour         Ice            11%        N/A       38%         3
 Tukima's Dance           Hex            11%        N/A       38%         3
 Yara's Violent Unravell  Hex/Alch       5%         3d4       54%         5
 Summon Forest            Summ/Tloc      12%        N/A       58%         5
 Cause Fear               Hex            5%         N/A       73%         4
 Dispel Undead            Necr           11%        3d9       73%         4
 Martyr's Knell           Necr/Summ      11%        N/A       73%         4
 Curse of Agony           Necr           11%        N/A       95%         5
 Metabolic Englaciation   Hex/Ice        5%         N/A       95%         5
 Lehudib's Crystal Spear  Conj/Erth      26%        10d7      90%         8
 Death Channel            Necr           5%         N/A       100%        6
 Sculpt Simulacrum        Ice/Alch       5%         N/A       100%        6
 Enfeeble                 Hex            5%         N/A       100%        7
 Malign Gateway           Summ/Tloc      12%        N/A       100%        7
 Summon Horrible Things   Summ           5%         N/A       100%        8
 Dragon's Call            Summ           5%         N/A       100%        9


Dungeon Overview and Level Annotations

Branches:
Dungeon (15/15)            Temple (1/1) D:6            Lair (5/5) D:10
 Shoals (0/4) Lair:2        Snake (0/4) Lair:3        Slime (0/5) Lair:5
    Orc (0/2) D:9          Vaults (0/5) D:13         Depths (0/4) D:15
Gauntlet (visited)

Altars:
Ashenzari
Cheibriados
Dithmenos
Elyvilon
Fedhas
Gozag
Hepliaklqana
Kikubaaqudgha
Makhleb
Nemelex Xobeh
Okawaru
Qazlal
Ru
Sif Muna
Trog
Uskayaw
Vehumet
Wu Jian
Xom
Yredelemnul
Zin
The Shining One
Jiyva

Shops:
D:6 ?   D:7 =   D:8 (*[*   D:9 !?[   D:10 *   D:12 [   D:14 *

Annotations:
D:10 1 runed translucent door
D:12 1 runed translucent door, TheRegalBeagle's ghost, journeyman DsFi
Lair:2 1 runed translucent door, turdburglar's ghost, journeyman DrSh


Innate Abilities, Weirdness & Mutations

You have a beak for a mouth.
You have claws for feet.
Your magical flight helps you evade attacks. (EV +4)
You can magically evade attacks while moving or waiting.


Message History

You hear a roar!
Unknown command.
Unknown command.
There is a stone staircase leading up, spattered with blood here.
You fly upwards.
There is a stone staircase leading down here.
Magic restored.
Done exploring.
You fly downwards.
There is a stone staircase leading up, spattered with blood here.
Casting: Plasma Beam (dangerous; 1% risk of failure)
Confirm with . or Enter, or press ? or * to list all spells.
Electricity surges outward!
The white ugly thing is struck by an electric surge!!
The white ugly thing is moderately wounded.
You hear a roar!
The white ugly thing stings you. The white ugly thing freezes you!
Casting: Arcjolt (dangerous; 1% risk of failure)
Confirm with . or Enter, or press ? or * to list all spells.
Electricity surges outward!
The white ugly thing is struck by an electric surge.
The white ugly thing is moderately wounded.
The white ugly thing completely misses you.
Unknown command.
Unknown command.
Casting: Arcjolt (dangerous; 1% risk of failure)
Confirm with . or Enter, or press ? or * to list all spells.
Electricity surges outward!
The white ugly thing is struck by an electric surge.
The white ugly thing is heavily wounded.
The white ugly thing stings you. The white ugly thing freezes you!!
Unknown command.
Unknown command.
Casting: Arcjolt (dangerous; 1% risk of failure)
Confirm with . or Enter, or press ? or * to list all spells.
Electricity surges outward!
The white ugly thing is struck by an electric surge!!
The white ugly thing is severely wounded.
The white ugly thing stings you! The white ugly thing freezes you!!
You die...

#..............#
#..............#
##.............###.
#...................
.....§§.............
≈.≈.≈[8.............
#≈≈.§..............
≈§§≈#.≈...u.........
.
≈.§≈§≈.§##.@..[)..)#
..§≈≈≈§.###.........
§≈
.>))≈#...###..^.....
.≈≈
...≈§≈§..###.#......
..≈≈
§.§≈§≈.......#......
.≈.#
§≈≈≈#.≈..#.........#
....
≈#≈≈.....#..#......#
.8.≈
≈.≈.§.8.....#..#####
....
.............###


You could see a white ugly thing.

Vanquished Creatures
  Rupert (D:12)
  A fire giant (D:15)
  Louise (D:15)
  A quicksilver ooze (Gauntlet)
  An ironbound preserver (D:13)
  Nessos (D:13)
  A minotaur (Gauntlet)
  Azrael (D:15)
  A blizzard demon (Gauntlet)
  A rakshasa (D:13)
  Fannar (Lair:1)
  8 hydras
  2 ogre magi (D:15)
  Erica (D:10)
  A catoblepas (Lair:5)
  8 centaur warriors
  14 two-headed ogres
  4 boulder beetles
  3 death yaks (Lair:3)
  2 tengu warriors (D:13)
  2 skysharks
  4 skeletal warriors (D:13)
  An orc knight (D:15)
  3 deep elf pyromancers
  5 cyclopes
  23 ugly things
  2 manticores (D:13)
  A merfolk siren (Lair:2)
  3 black mambas
  5 elephants (Lair:5)
  10 cane toads
  A gargoyle (D:13)
  2 torpor snails
  A minotaur zombie (Gauntlet)
  2 unseen horrors (D:10)
  6 rime drakes
  13 komodo dragons
  2 efreet (D:15)
  A freezing wraith (D:13)
  3 polar bears
  5 hornets
  5 trolls
  18 blink frogs
  Grinder (D:6)
  6 dream sheep (Lair:4)
  12 spriggans (Lair:5)
  Sigmund (D:3)
  3 slime creatures (D:12)
  2 centaur simulacra
  A vampire (D:10)
  3 shadows
  4 wyverns
  43 yaks
  6 wraiths
  4 fire elementals (D:15)
  A steam dragon (D:10)
  8 vampire mosquitoes
  3 basilisks
  3 nagas (Lair:3)
  Edmund (D:5)
  2 acid dragons
  13 water moccasins
  A hell hound (D:15)
  Duvessa (D:4)
  2 sky beasts
  2 ice beasts
  6 orc warriors
  8 black bears
  4 ogres
  8 boggarts
  11 centaurs
  35 wolves
  7 kobold brigands
  3 phantoms (D:6)
  15 bullfrogs
  A scorpion (D:6)
  A gnoll sergeant (D:10)
  6 wights
  Dowan (D:4)
  13 killer bees
  10 howler monkeys
  An electric eel (Lair:4)
  3 bombardier beetles
  5 jellies
  4 hounds
  3 gnoll boudas (D:4)
  3 orc priests
  Ijyb (D:4)
  Natasha (twice) (D:4)
  16 orc wizards
  14 iguanas
  Robin (D:3)
  20 gnolls
  6 adders
  2 white imps (D:6)
  2 ufetubi (D:5)
  A ribbon worm (D:3)
  3 dart slugs
  51 orcs
  10 ball pythons
  6 endoplasms
  4 giant cockroaches
  11 goblins
  5 hobgoblins
  19 jackals
  3 quokkas
  6 bats
  19 frilled lizards
  26 kobolds
  5 rats
676 creatures vanquished.

Vanquished Creatures (others)
  A manticore (D:11)
  2 cane toads
3 creatures vanquished.

Grand Total: 679 creatures vanquished

Notes
Turn   | Place    | Note
-------+----------+-------------------------------------------
     0 | D:1      | coolio the Tengu Air Elementalist began the quest for the
                  | Orb.
     0 | D:1      | Reached XP level 1. HP: 10/10 MP: 4/4
    95 | D:1      | Found a faded altar of an unknown god.
   402 | D:1      | Reached XP level 2. HP: 15/15 MP: 0/6
  1017 | D:1      | Reached XP level 3. HP: 19/19 MP: 5/7
  1021 | D:1      | Learned a level 3 spell: Swiftness
  2104 | D:3      | Reached XP level 4. HP: 17/24 MP: 2/8
  2123 | D:3      | Identified the +4 plate armour of the Fife {Stlth+}
  2201 | D:3      | Noticed Sigmund
  2222 | D:3      | Killed Sigmund
  2223 | D:3      | Reached skill level 5 in Air Magic
  2223 | D:3      | Reached XP level 5. HP: 19/28 MP: 3/10
  2286 | D:3      | Reached XP level 6. HP: 32/32 MP: 8/11
  2669 | D:3      | Noticed Robin
  2674 | D:3      | Reached skill level 6 in Air Magic
  2675 | D:3      | Killed Robin
  3219 | D:4      | Found a sacrificial altar of Ru.
  3232 | D:4      | Reached skill level 5 in Conjurations
  3447 | D:4      | Gained mutation: Your magical flight helps you evade
                  | attacks. (EV +4) [Tengu growth]
  3447 | D:4      | Reached XP level 7. HP: 21/36 MP: 12/12
  3615 | D:4      | Noticed Ijyb
  3634 | D:4      | Killed Ijyb
  3726 | D:4      | Reached skill level 7 in Air Magic
  3986 | D:4      | Noticed Natasha
  3993 | D:4      | Killed Natasha
  4303 | D:4      | Noticed Duvessa
  4303 | D:4      | Noticed Dowan
  4330 | D:4      | Killed Duvessa
  4331 | D:4      | Reached XP level 8. HP: 37/41 MP: 10/14
  4415 | D:4      | Killed Dowan
  4416 | D:4      | Reached skill level 8 in Air Magic
  4426 | D:4      | Learned a level 3 spell: Mephitic Cloud
  4431 | D:4      | Learned a level 4 spell: Airstrike
  4543 | D:4      | Noticed Natasha
  4548 | D:4      | Killed Natasha
  5350 | D:5      | Entered Level 5 of the Dungeon
  5755 | D:5      | Noticed Edmund
  5767 | D:5      | Killed Edmund
  5768 | D:5      | Reached skill level 5 in Dodging
  5832 | D:5      | Reached skill level 9 in Air Magic
  5994 | D:5      | Found a blossoming altar of Fedhas.
  6326 | D:6      | Reached XP level 9. HP: 45/45 MP: 16/16
  6482 | D:6      | Noticed Grinder
  6487 | D:6      | Killed Grinder
  6546 | D:6      | Found Azidulo's Magic Scroll Shop.
  6554 | D:6      | Bought a scroll of blinking for 90 gold pieces
  6554 | D:6      | Bought a scroll of teleportation for 36 gold pieces
  6554 | D:6      | Bought a scroll of identify for 24 gold pieces
  6554 | D:6      | Bought a scroll of identify for 24 gold pieces
  6560 | D:6      | Identified a scroll of acquirement
  6561 | D:6      | Acquired the ring of Efuseyxail {rPois EV+5}
  6614 | D:6      | Found a staircase to the Ecumenical Temple.
  6624 | Temple   | Entered the Ecumenical Temple
  6633 | Temple   | Became a worshipper of Vehumet
  6866 | D:6      | Reached skill level 10 in Air Magic
  7179 | D:6      | Reached skill level 5 in Spellcasting
  7205 | D:6      | Reached skill level 10 in Conjurations
  7210 | D:6      | Learned a level 4 spell: Iskenderun's Mystic Blast
  7214 | D:6      | Learned a level 3 spell: Volatile Blastmotes
  7358 | D:6      | Found a shimmering blue altar of Sif Muna.
  7581 | D:6      | Reached skill level 1 in Fire Magic
  7689 | D:6      | Reached skill level 1 in Translocations
  7689 | D:6      | Reached skill level 11 in Air Magic
  7978 | D:7      | Reached XP level 10. HP: 50/50 MP: 18/18
  8135 | D:7      | Found Idi Qib's Jewellery Shoppe.
  8216 | D:7      | Reached * piety under Vehumet
  8216 | D:7      | Offered knowledge of Sandblast by Vehumet.
  8252 | D:7      | Identified the +2 robe of the Leaf {rPois rF+}
  8878 | D:8      | Found Agezaepo's General Store.
  8895 | D:8      | Found Xuul's Armour Shoppe.
  9040 | D:8      | Found Kasasienk's Assorted Antiques.
  9055 | D:8      | Found Ilotuniz's Weapon Boutique.
  9203 | D:8      | Offered knowledge of Kiss of Death by Vehumet.
  9207 | D:8      | Reached ** piety under Vehumet
  9857 | D:9      | Found a staircase to the Orcish Mines.
 10050 | D:9      | Reached skill level 12 in Air Magic
 10093 | D:9      | Found Soruocro's Armour Boutique.
 10259 | D:9      | Found Casm's Distillery.
 10290 | D:9      | Found Behoif's Magic Scroll Emporium.
 10462 | D:9      | Reached XP level 11. HP: 48/54 MP: 6/21
 10628 | D:9      | Identified the +1 sling of the Dwarven Hall {antimagic,
                  | rPois rF+ rN+}
 10659 | D:9      | Found a burning altar of Makhleb.
 10962 | D:10     | Entered Level 10 of the Dungeon
 10995 | D:10     | Found a runed translucent door.
 11114 | D:10     | Found a sparkling altar of Nemelex Xobeh.
 11223 | D:10     | Found a glowing silver altar of Zin.
 11237 | D:10     | Found a glowing golden altar of the Shining One.
 11476 | D:10     | Offered knowledge of Inner Flame by Vehumet.
 11540 | D:10     | Found a runed translucent door.
 11687 | D:10     | Found Rikes's CLEARANCE SALE!.
 11696 | D:10     | Reached skill level 13 in Air Magic
 11761 | D:10     | Reached *** piety under Vehumet
 11982 | D:10     | Found a staircase to the Lair.
 12109 | D:10     | Noticed a two-headed ogre
 12114 | D:10     | Killed a two-headed ogre
 12247 | D:10     | Noticed a boulder beetle
 12268 | D:10     | Killed a boulder beetle
 12412 | D:10     | Reached skill level 5 in Fire Magic
 12540 | D:10     | Offered knowledge of Ignite Poison by Vehumet.
 12722 | D:10     | Noticed a centaur warrior
 12738 | D:10     | Killed a centaur warrior
 12767 | D:10     | Reached skill level 14 in Air Magic
 12891 | D:10     | Noticed a cyclops
 12895 | D:10     | Killed a cyclops
 12896 | D:10     | Reached XP level 12. HP: 59/59 MP: 21/23
 13256 | D:11     | Noticed a two-headed ogre
 13266 | D:11     | Killed a two-headed ogre
 13415 | D:8      | Bought a book of Lightning for 396 gold pieces
 13422 | D:8      | Learned a level 6 spell: Plasma Beam
 13581 | Lair:1   | Entered Level 1 of the Lair of Beasts
 13581 | Lair:1   | Noticed Erica
 13589 | D:10     | Killed Erica
 13904 | Lair:1   | Reached **** piety under Vehumet
 14017 | Lair:1   | Offered knowledge of Yara's Violent Unravelling by Vehumet.
 14134 | Lair:1   | Reached skill level 15 in Air Magic
 14135 | Lair:1   | Reached skill level 5 in Translocations
 14994 | Lair:1   | Noticed Fannar
 14998 | Lair:1   | Killed Fannar
 14999 | Lair:1   | Reached skill level 15 in Conjurations
 15088 | Lair:2   | Noticed a six-headed hydra
 15092 | Lair:2   | Killed a six-headed hydra
 15136 | Lair:2   | Noticed an eight-headed hydra
 15139 | Lair:2   | Killed an eight-headed hydra
 15140 | Lair:2   | Reached XP level 13. HP: 63/63 MP: 14/26
 15705 | Lair:2   | Found a runed translucent door.
 15705 | Lair:2   | Found a shimmering altar of Xom.
 15705 | Lair:2   | Noticed turdburglar's ghost (journeyman DrSh)
 15706 | Lair:2   | Identified the +4 rapier "Nenturicw" {chaos, *Rage *Slow
                  | Str+5 Int+3}
 15903 | Lair:2   | Reached skill level 16 in Air Magic
 16072 | Lair:2   | Found a staircase to the Shoals.
 16203 | Lair:2   | Identified the +8 trident "Wauclil" {protect, Str+2 SInv}
 16781 | Lair:3   | Reached ***** piety under Vehumet
 16781 | Lair:3   | Offered knowledge of Sticky Flame by Vehumet.
 17792 | Lair:3   | You are sucked into a shaft and drop 1 floor!
 18150 | Lair:4   | Reached skill level 17 in Air Magic
 18173 | Lair:4   | Reached XP level 14. HP: 62/68 MP: 8/27
 18370 | Lair:3   | Found a staircase to the Snake Pit.
 18447 | Lair:3   | Learned a level 5 spell: Arcjolt
 20006 | Lair:4   | Learned a level 2 spell: Blink
 20085 | Lair:5   | Entered Level 5 of the Lair of Beasts
 20268 | Lair:5   | Offered knowledge of Freezing Cloud by Vehumet.
 21204 | Lair:5   | Reached skill level 18 in Air Magic
 21595 | Lair:5   | Found a staircase to the Slime Pits.
 21595 | Lair:5   | Found a viscous altar of Jiyva.
 22087 | D:11     | Found a shadowy altar of Dithmenos.
 22297 | D:11     | Identified the +0 chain mail of Onelidiu {rC+}
 23173 | D:12     | Found a runed translucent door.
 23185 | D:12     | Identified the +0 pair of boots "Qaphy" {rElec Slay-6 SInv}
 23250 | D:12     | Noticed TheRegalBeagle's ghost (journeyman DsFi)
 23482 | D:12     | Noticed Rupert
 23490 | D:12     | Killed Rupert
 23668 | D:12     | Found Cheibriados's Comfort Zone.
 23668 | D:12     | Found a snail-covered altar of Cheibriados.
 24084 | D:13     | Noticed an ironbound preserver
 24092 | D:13     | Reached XP level 15. HP: 72/72 MP: 19/29
 24442 | D:13     | Noticed Nessos
 24446 | D:13     | Offered knowledge of Lee's Rapid Deconstruction by Vehumet.
 24448 | D:13     | Killed Nessos
 24625 | D:13     | Reached skill level 10 in Spellcasting
 24812 | D:13     | Reached skill level 19 in Air Magic
 24991 | D:13     | Identified the +7 sling of Death {heavy, rPois}
 24997 | D:13     | Reached skill level 10 in Fire Magic
 25198 | D:13     | HP: 2/72 [centaur warrior/+3 halberd of venom (3)]
 25495 | D:13     | Found a gate to the Vaults.
 25946 | D:14     | Found Jypaengu's Elemental Accessories.
 25972 | D:14     | Found a gate leading to a gauntlet.
 26064 | Gauntlet | Entered a Gauntlet
 26064 | Gauntlet | Found a transporter.
 26085 | Gauntlet | Found a transporter.
 26103 | Gauntlet | Found a transporter.
 26106 | Gauntlet | Found a transporter.
 26127 | Gauntlet | Found a transporter.
 26140 | Gauntlet | Found a transporter.
 26154 | Gauntlet | Found a transporter.
 26184 | Gauntlet | Found a transporter.
 26184 | Gauntlet | Found a transporter.
 26195 | Gauntlet | Found a transporter.
 26214 | Gauntlet | Found a transporter.
 26221 | Gauntlet | Found a transporter.
 26416 | Gauntlet | Identified the +0 helmet of Ethereal Intercession {rElec}
 26482 | Gauntlet | Identified the amulet of Dubluill {Spirit rC+ Dex+6}
 26659 | Gauntlet | Got Teitait's Essays on Leaden Translocation
 27471 | D:15     | Entered Level 15 of the Dungeon
 27481 | D:15     | Offered knowledge of Conjure Ball Lightning by Vehumet.
 27489 | D:15     | Noticed Louise
 27607 | D:15     | Reached XP level 16. HP: 72/76 MP: 19/31
 27771 | D:15     | Learned a level 6 spell: Starburst
 27808 | D:15     | Killed Louise
 27824 | D:15     | Reached skill level 20 in Air Magic
 28012 | D:15     | Noticed Azrael
 28019 | D:15     | Killed Azrael
 28255 | D:15     | Found a staircase to the Depths.
 28412 | D:15     | Slain by a white ugly thing

Illustrated notes

Levels and vault maps discovered:
D:1:      tarquinn_simple_flora_water_f, layout_loops_cross,
          hellmonk_ecumenical_altar_zigzags, minmay_misc_feat_columns
D:2:      layout_rooms
D:3:      layout_loops_ring, minmay_misc_feat_hallway, uniq_robin, uniq_sigmund
D:4:      lemuel_castle_with_subvaults [lemuel_castle_interior_carwin_2],
          layout_loops_cross, mainiacjoe_overflow_brackets, uniq_natasha,
          uniq_duvessa, uniq_ijyb
D:5:      layout_loops_ring, fedhas_altar_1,
          nicolae_concentric_dashed_squares_mild, uniq_edmund
D:6:      minmay_thinvault, layout_loops_cross, kennysheep_mini_moat,
          minmay_temple_entry_fiery, serial_shops, shop_fountains, uniq_grinder
D:7:      layout_basic, serial_shops, shop, nicolae_figureground_sparkle
D:8:      layout_layer_cave, serial_shops, kennysheep_mini, nicolae_shop_stone,
          nicolae_shop_waterfront, kennysheep_small_square
D:9:      layout_basic, mainiacjoe_overflow_chevrons, serial_shops, shop,
          nicolae_lakefront_shop, nicolae_shop_rolled_up
D:10:     cheibrodos_histonic, layout_stronghold, nemelex_spade_bored_becter,
          grunt_temple_overflow_open, nicolae_shop_clearance
D:11:     layout_basic, nicolae_dithmenos_shadow_blocks
D:12:     layout_gridville, ebering_ghost_inner_flame, minmay_shop_chei,
          uniq_rupert
D:13:     minmay_the_grid_triangle_9x9_rhombus_thin
          [minmay_the_grid_triangle_9x9_checkered,
          minmay_the_grid_triangle_9x9_prize_center,
          minmay_the_grid_triangle_9x9_odd_lines,
          minmay_the_grid_triangle_9x9_zippers_horizontal], layout_gridville,
          skrybe_vaults_entry_preservation, uniq_nessos
D:14:     layout_loops_ring, gauntlet_entry_generic, nicolae_elemental_shop
D:15:     grunt_enter_depths_giant_problem, layout_cave_pools,
          minmay_stone_trees_small, uniq_azrael, uniq_louise
Temple:   hellmonk_temple_two_chambers
Lair:1:   layout_cave_pods, st_stairs_3, grunt_megastairs_4, uniq_erica,
          uniq_fannar
Lair:2:   layout_gridlike, minmay_shoals_entry_lonely_mermaid,
          ebering_ghost_xom, grunt_megastairs_2
Lair:3:   layout_regular_city, nicolae_snake_entry_squirm, serial_bayou_pond_b,
          serial_bayou_shore_b, serial_bayou_shore_b
Lair:4:   lemuel_reptile_caves, layout_loops_ring, beast_lair_carwin_10
Lair:5:   minmay_lair_end_enchanted_forest, layout_regular_city, slime_entry_1

Skill      XL: |  1  2  3  4  5  6  7  8  9 10 11 12 13 14 15 16 |
---------------+-------------------------------------------------+-----
Conjurations   | 2 3 4 5 6 8 10 12 13 15 16 18 19 | 19.9
Dodging        | 3 4 5 6 8 |  8.4
Air Magic      | 5 6 7 9 11 12 14 15 17 18 19 20 | 20.1
Spellcasting   | 3 4 5 6 7 8 9 10 | 10.7
Fire Magic     | 1 3 5 7 8 9 10 | 10.8
Translocations | 1 2 4 5 6 7 |  7.0
Stealth        | |  2.0

Action                     |  1- 3 |  4- 6 |  7- 9 | 10-12 | 13-15 | 16-18 || total
---------------------------+-------+-------+-------+-------+-------+-------++-------
  Melee: Kick              |     1 |     2 |     8 |    10 |    29 |       ||    50
         Whip              |     1 |       |       |       |       |       ||     1
         Dagger            |     3 |     4 |    34 |    35 |       |       ||    76
         Peck              |       |     1 |     5 |     6 |    21 |       ||    33
         Trident           |       |       |       |       |    91 |       ||    91
  Throw: Dart              |       |       |       |     1 |     1 |       ||     2
   Cast: Shock             |    96 |    81 |   379 |   195 |    19 |       ||   770
         Airstrike         |       |       |     3 |   196 |   298 |     2 ||   499
         Iskenderun's Myst |       |       |     1 |     8 |     7 |     5 ||    21
         Volatile Blastmot |       |       |     1 |       |     1 |       ||     2
         Plasma Beam       |       |       |       |    12 |   182 |    27 ||   221
         Arcjolt           |       |       |       |       |    20 |     9 ||    29
         Swiftness         |       |       |       |       |     1 |       ||     1
         Blink             |       |       |       |       |     1 |     1 ||     2
         Starburst         |       |       |       |       |       |     5 ||     5
  Evoke: Wand              |       |       |       |     3 |    11 |       ||    14
    Use: Scroll            |       |       |     9 |     4 |    21 |       ||    34
         Potion            |       |       |       |       |     4 |       ||     4
   Stab: Sleeping          |       |       |       |       |     2 |       ||     2
 Armour: Robe              |    12 |    15 |    44 |    64 |   147 |    22 ||   304
  Dodge: Dodged            |    10 |    31 |   123 |   161 |   428 |    20 ||   773
         Repelled          |       |       |     1 |     3 |     7 |       ||    11
